General information
- name: BNet
- type: Ladder team game (AT/RT)
- host: Battle.net
- saver: dumb_retard
map: GolemsInTheMist
- players: 8
- length: 07:10
- speed: Fast
- version: 1.24 W3XP
- replay type: Public
» download(36 KB)
Players
team 1 (winner)
Commandz (
yellow | 76 APM | 548 actions | 07:10)
2 Priestess of the Moon
1 Searing Arrows
1 Trueshot Aura
1 Shadow Hunter
1 Hex
» actions
| Assign group hotkey | 15 | |
| Basic commands | 26 | |
| Build / train | 39 | |
| Enter build submenu | 15 | |
| Enter hero's abilities submenu | 3 | |
| Right click | 141 | |
| Select / deselect | 134 | |
| Select group hotkey | 148 | |
| Use ability | 27 | |
548 total
» units
| Wisp | 10 | |
| Peon | 4 | |
| Grunt | 8 | |
| Huntress | 7 | |
29 total
» buildings
| Altar of Elders | 1 | |
| Moon Well | 4 | |
| Altar of Storms | 1 | |
| Orc Burrow | 3 | |
| Ancient of War | 2 | |
| Barracks | 1 | |
| Hunter's Hall | 1 | |
| Voodoo Lounge | 1 | |
| Stronghold | 2 | |
16 total
» build order
00:12 Altar of Elders
00:15 Moon Well
00:25 Altar of Storms
00:27 Orc Burrow
00:53 Ancient of War
01:01 Barracks
01:40 Hunter's Hall
01:56 Orc Burrow
02:03 Ancient of War
02:40 Voodoo Lounge
02:49 Moon Well
03:27 Orc Burrow
03:36 Moon Well
05:15 Stronghold
05:16 Stronghold
05:21 Moon Well

»
XDIVISIONX (
red | 47 APM | 335 actions | 07:10)
2 Death Knight
1 Death Coil
1 Unholy Aura
» actions
| Assign group hotkey | 12 | |
| Basic commands | 13 | |
| Build / train | 24 | |
| Enter build submenu | 12 | |
| Enter hero's abilities submenu | 2 | |
| Right click | 113 | |
| Select / deselect | 97 | |
| Select group hotkey | 37 | |
| Use ability | 25 | |
335 total
» units
| Acolyte | 2 | |
| Crypt Fiend | 5 | |
| Ghoul | 2 | |
9 total
» upgrades
| Creature Attack | 1 | |
| Creature Carapace | 1 | |
2 total
» buildings
| Graveyard | 1 | |
| Crypt | 2 | |
| Altar of Darkness | 2 | |
| Ziggurat | 3 | |
| Nerubian Tower | 2 | |
| Tomb of Relics | 1 | |
| Halls of the Dead | 2 | |
13 total
» build order
00:36 Graveyard
00:39 Crypt
00:42 Altar of Darkness
01:12 Ziggurat
01:32 Altar of Darkness
02:18 Crypt
02:53 Ziggurat
03:18 Nerubian Tower
03:18 Nerubian Tower
03:42 Tomb of Relics
04:51 Ziggurat
06:53 Halls of the Dead
06:53 Halls of the Dead
» items
dumb_retard (
purple | 57 APM | 410 actions | 07:10)
3 Blood Mage
2 Flame Strike
1 Siphon Mana
1 Shadow Hunter
1 Healing Wave
» actions
| Assign group hotkey | 21 | |
| Basic commands | 8 | |
| Build / train | 32 | |
| Enter build submenu | 11 | |
| Enter hero's abilities submenu | 4 | |
| Right click | 132 | |
| Select / deselect | 72 | |
| Select group hotkey | 90 | |
| Use ability | 40 | |
410 total
» units
| Peasant | 17 | |
| Goblin Shredder | 3 | |
20 total
» buildings
| Altar of Kings | 1 | |
| Farm | 4 | |
| Scout Tower | 3 | |
| Lumber Mill | 2 | |
| Arcane Tower | 1 | |
| Keep | 1 | |
| Town Hall | 1 | |
| Guard Tower | 1 | |
| Castle | 1 | |
15 total
» build order
00:15 Altar of Kings
00:18 Farm
01:01 Farm
01:34 Farm
01:36 Scout Tower
01:55 Lumber Mill
02:05 Arcane Tower
03:42 Farm
04:15 Keep
04:26 Scout Tower
04:27 Scout Tower
04:32 Town Hall
04:44 Lumber Mill
05:02 Guard Tower
06:57 Castle
» items
| Scroll of Speed | 1 | |
| Healing Salve | 1 | |
| Lesser Clarity Potion | 1 | |
3 total
xavier8 (
orange | 0 APM | 0 actions | 07:10)
team 2 (loser)
HoneyBlunt (
blue | 71 APM | 459 actions | 06:29)
1 Keeper of the Grove
1 Entangling Roots
1 Mountain King
1 Storm Bolt
» actions
| Assign group hotkey | 6 | |
| Basic commands | 1 | |
| Build / train | 42 | |
| Enter build submenu | 15 | |
| Enter hero's abilities submenu | 2 | |
| Right click | 191 | |
| Select / deselect | 126 | |
| Select group hotkey | 53 | |
| Use ability | 23 | |
459 total
» units
» upgrades
| Gunpowder | 1 | |
| Armor | 1 | |
| Masonry | 1 | |
| Long Rifles | 1 | |
4 total
» buildings
| Moon Well | 1 | |
| Altar of Elders | 1 | |
| Barracks | 2 | |
| Altar of Kings | 1 | |
| Farm | 8 | |
| Blacksmith | 1 | |
| Lumber Mill | 1 | |
| Keep | 1 | |
| Tree of Ages | 3 | |
19 total
» build order
00:23 Moon Well
00:26 Altar of Elders
00:59 Barracks
01:02 Altar of Kings
01:05 Farm
01:17 Blacksmith
01:31 Barracks
01:51 Farm
01:52 Farm
01:53 Farm
02:22 Lumber Mill
02:47 Farm
02:52 Farm
03:30 Farm
03:34 Farm
03:52 Keep
05:07 Tree of Ages
05:07 Tree of Ages
05:07 Tree of Ages
wOwOmFgWtF (
teal | 45 APM | 319 actions | 07:09)
1 Lich
1 Frost Nova
1 Paladin
1 Holy Light
» actions
| Basic commands | 1 | |
| Build / train | 40 | |
| Enter build submenu | 20 | |
| Enter hero's abilities submenu | 2 | |
| Remove unit from queue | 1 | |
| Right click | 130 | |
| Select / deselect | 101 | |
| Use ability | 24 | |
319 total
» units
| Peasant | 8 | |
| Acolyte | 3 | |
| Ghoul | 10 | |
| Footman | 6 | |
| Rifleman | 2 | |
| Crypt Fiend | 2 | |
31 total
» upgrades
| Defend | 1 | |
| Gunpowder | 1 | |
| Creature Attack | 1 | |
| Creature Carapace | 1 | |
4 total
» buildings
| Altar of Darkness | 1 | |
| Crypt | 1 | |
| Ziggurat | 4 | |
| Altar of Kings | 1 | |
| Farm | 6 | |
| Barracks | 2 | |
| Graveyard | 1 | |
| Blacksmith | 1 | |
17 total
» build order
00:06 Altar of Darkness
00:11 Crypt
00:14 Ziggurat
00:26 Altar of Kings
00:30 Farm
00:51 Barracks
01:00 Ziggurat
01:31 Farm
02:12 Farm
02:25 Graveyard
02:50 Ziggurat
03:07 Farm
03:10 Farm
03:19 Blacksmith
04:29 Farm
04:43 Barracks
05:27 Ziggurat
Chat log
(00:06 / Allies) Commandz: rofl
(00:26 / All) XDIVISIONX: wow
(01:01 / Allies) XDIVISIONX: WTF UDE
(01:05 / Allies) XDIVISIONX: how
(01:11 / Allies) dumb_retard: how what
(01:15 / Allies) XDIVISIONX: dude
(01:22 / Allies) XDIVISIONX: ur fukin loading time took 5m
(01:22 / Allies) XDIVISIONX: wtf
(01:30 / Allies) dumb_retard: im playing on the new droid
(02:09 / Allies) Commandz: goin double rax hunts
(02:15 / Allies) dumb_retard: w0rd
(02:21 / Allies) XDIVISIONX: mass fiends
(04:45 / Allies) dumb_retard: 9 to 1 they rush
(04:55 / Allies) dumb_retard: yep
(04:57 / Allies) dumb_retard: brace for impact
(04:58 / Allies) dumb_retard: pump tier 1
(04:59 / Allies) Commandz: shazam
(05:01 / All) wOwOmFgWtF: hell nice mh
(05:26 / Allies) dumb_retard: ALL TP
(05:28 / Allies) dumb_retard: NOW
(06:25 / All) dumb_retard: easy rape
(06:28 / All) dumb_retard: pro2 noob down
(06:29 / All) XDIVISIONX: gg
(06:32 / All) wOwOmFgWtF: u noob
(06:34 / All) wOwOmFgWtF: u hack
(06:39 / All) dumb_retard: who hacks?
(06:40 / All) dumb_retard: you?
(06:42 / All) dumb_retard: easy erport
(06:43 / All) XDIVISIONX: out microed.
(06:44 / All) wOwOmFgWtF: u cant play
(06:55 / All) wOwOmFgWtF: u made all of us leaving
(06:57 / All) wOwOmFgWtF: ur noob
(06:59 / All) wOwOmFgWtF: as hell
(07:01 / All) dumb_retard: tears
(07:05 / All) XDIVISIONX: same